 Dungeon Crawl Stone Soup version 0.18.1-2-ga659475 (webtiles) character file.

667 Gingerlord the Shield-Bearer (level 7, -3/44 HPs)
             Began as a Gargoyle Fighter on May 8, 2016.
             Was an Initiate of Gozag.
             Slain by an ogre
             ... wielding a +0 giant club
              (16 damage)
             ... on level 4 of the Dungeon.
             The game lasted 00:05:44 (2895 turns).

Gingerlord the Shield-Bearer (Gargoyle Fighter)     Turns: 2895, Time: 00:05:45

Health: -3/44      AC: 15    Str: 19    XL:     7   Next: 57%
Magic:  7/7        EV:  8    Int:  9    God:    Gozag
Gold:   427        SH: 10    Dex: 11    Spells: 0 memorised, 6 levels left

rFire  . . .     SeeInvis .     a - +0 long sword
rCold  . . .     Gourm    .     b - +0 scale mail
rNeg   + . .     Faith    .     c - +0 shield
rPois  ∞         Spirit   .     (no helmet)
rElec  +         Dismiss  .     (no cloak)
rCorr  .         Reflect  .     k - +2 pair of gloves
SustAt .         Harm     .     (no boots)
MR     .....                    (no amulet)
Stlth  ..........               (no ring)
                                (no ring)

@: not resistant to hostile enchantments, extremely unstealthy
A: negative energy resistance 1, electricity resistance, unbreathing,
petrification resistance, rot immunity, AC +4
a: Potion Petition, Call Merchant, Bribe Branch, Renounce Religion


You were on level 4 of the Dungeon.
You worshipped Gozag.
Gozag was noncommittal.
You were not hungry.

You visited 1 branch of the dungeon, and saw 4 of its levels.

You collected 440 gold pieces.
You paid 13 gold pieces to Gozag.

Inventory:

Hand Weapons
 a - a +0 long sword (weapon)
Armour
 b - a +0 scale mail (worn)
 c - a +0 shield (worn)
 k - a +2 pair of gloves (worn)
Scrolls
 g - 3 scrolls of identify {unknown}
 i - 2 scrolls of random uselessness {unknown}
 l - a scroll of enchant armour {unknown}
 p - 2 scrolls of fog {unknown}
 r - 2 scrolls of recharging {unknown}
 s - a scroll of amnesia {unknown}
Potions
 d - a potion of haste {unknown}
 e - a potion of cure mutation {unknown}
 h - a potion of degeneration {unknown}
 j - 4 potions of curing {unknown}
 m - 2 potions of invisibility {unknown}
 n - 2 potions of heal wounds {unknown}
 o - a potion of resistance {unknown}
Comestibles
 f - 5 bread rations
 q - a meat ration


   Skills:
 + Level 5.0 Fighting
 + Level 3.5 Long Blades
 + Level 5.0 Armour
 + Level 2.6 Dodging
 + Level 5.2 Shields


You had 6 spell levels left.
You didn't know any spells.

Dungeon Overview and Level Annotations

Branches:
Dungeon (4/15)
 Temple: D:4-7

Altars:
Dithmenos
Gozag
Okawaru
Pakellas

Annotations:
D:4 Sigmund


Innate Abilities, Weirdness & Mutations

You are resistant to torment.
Your stone body is resilient (AC +4).
You are immune to poison.
You resist negative energy.
You are resistant to electric shocks.
You can survive without breathing.
You are immune to petrification.
You are immune to rotting.


Message History

The ogre barely misses you.
You barely miss the ogre.
The ogre is heavily wounded.
The ogre hits you with a giant club.
A jackal comes into view.
The jackal barks!
You slash the ogre!
The ogre is almost dead.
The ogre hits you with a giant club!!
* * * LOW HITPOINT WARNING * * *
You are too injured to fight recklessly!
You are too injured to fight recklessly!
Your shield and scale mail prevent you from hitting the ogre.
The ogre is almost dead.
You block the ogre's attack.
Your shield and scale mail prevent you from hitting the ogre.
The ogre is almost dead.
The ogre hits you with a giant club!
You die...
Your body crumbles into a pile of gold.

#........... #....
#..........# ###..##
#..........# #.(..#
#..........###.#)o#
#..........##..##.##
####.......[.....###<.#
.........$......#####[#
##..............# #.#
#.O@...$....#..# #..
....h<......(..###.####.
############...# #.##...
#........###......
#.#####......##...
#..###......
.#####.#####.####
...........##.....
####..............


You could see an ogre and a jackal.

Vanquished Creatures
  The ghost of Crastinus the Cleaver, an amateur HOFi (D:4)
  Blork the orc (D:4)
  A giant frog (D:3)
  A hound (D:4)
  A gnoll shaman (D:4)
  An iguana (D:4)
  9 gnolls
  5 adders
  2 oozes
  3 dart slugs
  5 giant geckos
  12 orcs
  2 giant cockroaches
  8 goblins
  8 hobgoblins
  A jackal (D:3)
  9 kobolds
  2 quokkas
  A ball python (D:2)
  10 bats
  7 giant newts
  4 rats
94 creatures vanquished.

Notes
Turn   | Place    | Note
--------------------------------------------------------------
     0 | D:1      | Gingerlord the Gargoyle Fighter began the quest for the Orb.
     0 | D:1      | Reached XP level 1. HP: 14/14 MP: 1/1
     6 | D:1      | Noticed a wolf
     6 | D:1      | Noticed a lindwurm
     6 | D:1      | Noticed a black bear
    41 | D:1      | Reached XP level 2. HP: 16/19 MP: 2/2
   350 | D:1      | Reached XP level 3. HP: 21/24 MP: 3/3
   510 | D:2      | Reached XP level 4. HP: 10/29 MP: 4/4
   977 | D:2      | Found an opulent altar of Gozag.
  1051 | D:2      | Became a worshipper of Gozag Ym Sagoz the Greedy
  1431 | D:3      | Reached skill level 1 in Dodging
  1435 | D:3      | Reached XP level 5. HP: 33/33 MP: 5/5
  1802 | D:3      | Found an iron altar of Okawaru.
  1832 | D:3      | Reached XP level 6. HP: 35/39 MP: 6/6
  2077 | D:4      | Noticed Crastinus's ghost (amateur HOFi)
  2120 | D:4      | Killed Crastinus's ghost
  2120 | D:4      | Reached XP level 7. HP: 12/44 MP: 7/7
  2341 | D:4      | Noticed Sigmund
  2361 | D:4      | Found a shadowy altar of Dithmenos.
  2550 | D:4      | Noticed Blork the orc
  2579 | D:4      | Killed Blork the orc
  2579 | D:4      | Reached skill level 5 in Armour
  2579 | D:4      | Reached skill level 5 in Shields
  2765 | D:4      | Reached skill level 5 in Fighting
  2798 | D:4      | Found an oddly glowing altar of Pakellas.
  2895 | D:4      | Slain by an ogre

Skill      XL: |  1  2  3  4  5  6  7 |
---------------+----------------------+-----
Long Blades    | 2 3 |  3.5
Shields        | 4 5 |  5.2
Fighting       | 4 5 |  5.0
Armour         | 4 5 |  5.0
Dodging        | 1 2 |  2.6

Action                   |  1- 3 |  4- 6 |  7- 9 || total
-------------------------+-------+-------+-------++-------
Melee: Long sword        |    89 |   223 |    95 ||   407
  Use: Potion            |       |     1 |       ||     1
  Eat: Chunk             |       |     1 |       ||     1
       Pizza             |       |     1 |       ||     1
       Beef jerky        |       |     1 |       ||     1
       Bread ration      |       |       |     1 ||     1
Armor: Scale mail        |    42 |   112 |    52 ||   206
Dodge: Dodged            |    22 |    80 |    28 ||   130
Block: Shield            |    51 |   145 |    54 ||   250
